 Dungeon Crawl Stone Soup version 0.18.1-6-gd335043 (webtiles) character file.

859 ololoev the Thaumaturge (level 7, 0/36 HPs)
             Began as a Deep Elf Ice Elementalist on May 19, 2016.
             Slain by a gnoll
             ... wielding a +0 spear
              (11 damage)
             ... on level 6 of the Dungeon.
             The game lasted 00:14:15 (5111 turns).

ololoev the Thaumaturge (Deep Elf Ice Elementalist) Turns: 5111, Time: 00:14:15

Health: 0/36       AC:  5    Str:  5    XL:     7   Next: 71%
Magic:  21/21      EV:  8    Int: 28    God:
Gold:   224        SH:  0    Dex: 15    Spells: 3 memorised, 16 levels left

rFire  . . .     SeeInvis .     a - +1 trident (venom)
rCold  . . .     Gourm    .     h - +0 robe
rNeg   . . .     Faith    .     (no shield)
rPois  .         Spirit   .     l - +1 helmet
rElec  .         Dismiss  +     (no cloak)
rCorr  .         Reflect  .     y - +0 pair of gloves
SustAt .         Harm     .     (no boots)
MR     .....                    f - amulet of dismissal
Stlth  ++........               (no ring)
                                u - +6 ring of intelligence

@: not resistant to hostile enchantments, unstealthy
A: no striking features
a: no special abilities

Inventory:

Hand Weapons
 a - a +1 trident of venom (weapon)
Armour
 h - a +0 robe (worn)
 l - a +1 helmet (worn)
 y - a +0 pair of gloves (worn)
Jewellery
 f - an amulet of dismissal (around neck)
 u - a +6 ring of intelligence (left hand)
Scrolls
 d - 3 scrolls of noise {unknown}
 k - a scroll of random uselessness {unknown}
 n - a scroll of recharging {unknown}
 o - a scroll of amnesia {unknown}
 p - a scroll of remove curse {unknown}
 r - 2 scrolls of fog {unknown}
Potions
 e - a potion of lignification {unknown}
 g - 2 potions of curing {unknown}
 j - 2 potions of berserk rage {unknown}
 m - a potion of experience {unknown}
 s - a potion of cancellation {unknown}
 t - 2 potions of brilliance {unknown}
 x - a potion of haste {unknown}
 z - a potion of invisibility {unknown}
Books
 b - a book of Frost

   Spells                             Type                      Level
   a - Freeze                         Ice                          1
   b - Throw Frost                    Conjuration/Ice              2
   c - Ozocubu's Armour               Charms/Ice                   3
   d - Throw Icicle                   Conjuration/Ice              4
   e - Summon Ice Beast               Ice/Summoning                4
 w - a book of Annihilations

   Spells                             Type                      Level
   a - Poison Arrow                   Conjuration/Poison           6
   b - Chain Lightning                Conjuration/Air              8
   c - Lehudib's Crystal Spear        Conjuration/Earth            8
   d - Glaciate                       Conjuration/Ice              9
   e - Fire Storm                     Conjuration/Fire             9
Comestibles
 c - 3 bread rations
 i - a meat ration
 q - a royal jelly


   Skills:
 - Level 2.4 Dodging
 - Level 2.4 Stealth
 * Level 8.7 Spellcasting
 * Level 6.5 Conjurations
 * Level 3.7 Ice Magic


You had 16 spell levels left.
You knew the following spells:

 Your Spells              Type           Power        Failure   Level  Hunger
a - Freeze                Ice            ####         1%          1    None
b - Throw Frost           Conj/Ice       #####.       1%          2    None
c - Throw Icicle          Conj/Ice       #####...     8%          4    #......


You were on level 6 of the Dungeon.
You were not hungry.

You visited 1 branch of the dungeon, and saw 6 of its levels.

You collected 224 gold pieces.

# ###.###
##......#
##.g......
#.@gg.....
#.).g.....
#...g.....
#...5.....
#.........
#.........
#.........
...=......

Notes
Turn   | Place    | Note
--------------------------------------------------------------
     0 | D:1      | ololoev the Deep Elf Ice Elementalist began the quest for the Orb.
     0 | D:1      | Reached XP level 1. HP: 10/10 MP: 6/6
   206 | D:1      | Reached XP level 2. HP: 12/15 MP: 2/8
   210 | D:1      | Learned a level 2 spell: Throw Frost
   804 | D:2      | Reached skill level 4 in Spellcasting
   913 | D:2      | Reached XP level 3. HP: 19/19 MP: 8/10
   978 | D:2      | Noticed Robin
  1007 | D:2      | Killed Robin
  1518 | D:2      | Reached XP level 4. HP: 24/24 MP: 10/12
  1598 | D:2      | Learned a level 4 spell: Throw Icicle
  2071 | D:2      | Reached skill level 5 in Spellcasting
  2393 | D:3      | Reached XP level 5. HP: 28/28 MP: 0/15
  2599 | D:4      | Reached skill level 6 in Spellcasting
  2650 | D:4      | Noticed a phantom
  2692 | D:5      | Entered Level 5 of the Dungeon
  2702 | D:5      | Noticed Blork the orc
  3463 | D:4      | Noticed Menkaure
  3579 | D:4      | Reached XP level 6. HP: 27/32 MP: 8/17
  3743 | D:4      | Killed Blork the orc
  3998 | D:5      | Reached skill level 7 in Spellcasting
  4003 | D:5      | Reached skill level 5 in Conjurations
  4268 | D:5      | Reached XP level 7. HP: 36/36 MP: 15/20
  4424 | D:5      | Found a sacrificial altar of Ru.
  4426 | D:5      | Noticed a hippogriff
  4429 | D:5      | Reached skill level 8 in Spellcasting
  4464 | D:5      | Killed a hippogriff
  5111 | D:6      | Slain by a gnoll

Dungeon Overview and Level Annotations

Branches:
Dungeon (6/15)
 Temple: D:4-7

Altars:
Ru

Annotations:
D:4 Menkaure


Message History

Things that are here:
a flail; a ring mail; an orc skeleton
Things that are here:
a flail; a ring mail; an orc skeleton Eating one of 4 chunks of flesh.
This raw flesh tastes terrible.
You continue eating. x2
Key pressed, stopping explore.
A giant cockroach comes into view.
There is an open door, spattered with blood here.
A giant cockroach is nearby!
A giant cockroach is nearby!
A giant cockroach is nearby!
A giant cockroach is nearby!
Casting: Throw Frost
Confirm with . or Enter, or press ? or * to list all spells.
Aiming: Throw Frost
Press: ? - help, Shift-Dir - straight line, f - giant cockroach
Aim: a giant cockroach (clinging, hasn't noticed you)
The puff of frost hits the giant cockroach.
The giant cockroach is severely wounded.
Casting: Throw Frost
Confirm with . or Enter, or press ? or * to list all spells.
Aiming: Throw Frost
Press: ? - help, Shift-Dir - straight line, f/p - giant cockroach
Aim: a giant cockroach (heavily wounded)
The puff of frost hits the giant cockroach.
You kill the giant cockroach!
Things that are here:
a dagger; a robe You open the door.
There is an open door here.
Done exploring.
Done exploring.
Done exploring.
(D) Dungeon
Where to? (Enter - D:4 @ (x,y), ? - help)
There is an open door here.
Things that are here:
a dagger; a robe
There is an open door, spattered with blood here.
All of the chunks of flesh in your inventory have rotted away.
There is a stone staircase leading down here.
You climb downwards. 5 gnolls and a gnoll sergeant come into view.
Found a shiny granite ring.
There is a stone staircase leading up here.
Casting: Throw Frost
Confirm with . or Enter, or press ? or * to list all spells.
Aiming: Throw Frost
Press: ? - help, Shift-Dir - straight line, f - gnoll sergeant
Aim: a gnoll sergeant, wielding an enchanted trident, wearing a scale mail and wearing a buckler (resting)
Okay, then.
Attack whom?
Press: ? - help, Dir - move target cursor, f - gnoll
Aim: a gnoll, wielding a club (resting)
You reach to attack!
The helpless gnoll fails to defend itself.
You hit the gnoll.
The gnoll is poisoned.
The gnoll is heavily wounded.
The gnoll sergeant shouts!
The gnoll shouts! x4; You hear a chilling moan.
The gnoll throws a throwing net.
The throwing net hits you.
You become entangled in the net!
You try to slip out of the net.
You kill the gnoll!
The gnoll sergeant hits you but does no damage.
A quasit comes into view.
You try to slip out of the net.
The gnoll closely misses you.
The gnoll sergeant hits you from afar with an enchanted trident!
Unknown command.
You struggle against the net.
The gnoll hits you but does no damage. The gnoll barely misses you.
The gnoll sergeant hits you but does no damage.
Unknown command.
You slip out of the net!
The gnoll hits you. The gnoll misses you. The gnoll hits you.
The gnoll sergeant hits you from afar with an enchanted trident.
Unknown command.
The gnoll barely misses you.
The gnoll hits you from afar with a spear!
You die...

You could see a gnoll sergeant, a quasit and 4 gnolls.

Vanquished Creatures
  A hippogriff (D:5)
  A black bear (D:5)
  An ogre (D:5)
  Blork the orc (D:4)
  A scorpion (D:4)
  A howler monkey (D:5)
  A crimson imp (D:5)
  A hound (D:4)
  3 orc wizards
  2 iguanas
  Robin (D:2)
  4 gnolls
  3 adders
  An adder zombie (D:5)
  2 worms
  3 dart slugs
  2 giant geckos
  13 orcs
  4 ball pythons
  7 giant cockroaches
  13 hobgoblins
  2 jackals (D:3)
  6 kobolds
  2 quokkas (D:2)
  9 bats
  8 giant newts
  17 goblins
  A quokka skeleton (D:4)
  A rat (D:1)
112 creatures vanquished.

Action                   |  1- 3 |  4- 6 |  7- 9 || total
-------------------------+-------+-------+-------++-------
Melee: Unarmed           |     8 |     3 |       ||    11
       Trident           |       |       |     1 ||     1
 Cast: Freeze            |    61 |    53 |     6 ||   120
       Throw Frost       |     6 |    81 |    23 ||   110
       Throw Icicle      |       |     5 |     4 ||     9
 Stab: Sleeping          |       |       |     1 ||     1
  Eat: Chunk             |     1 |     9 |     3 ||    13
Armor: Robe              |     8 |     7 |     5 ||    20
Dodge: Dodged            |    41 |    29 |    20 ||    90

Vault maps used:
D:1:      eino_arrival_cavern_b, minmay_shallow_snake_nest
D:2:      first_bread, uniq_robin
D:3:      grunt_ministairs_4
D:4:      uniq_pikel, uniq_menkaure
D:5:      nicolae_ru_great_annihilating_truth, grunt_decor_mini_mirrors,
          grunt_decor_resistance, minmay_misc_feat_five, uniq_blork_the_orc
D:6:      nicolae_overflow_hidden_temple, uniq_duvessa
